 Dungeon Crawl Stone Soup version 0.22-a0-542-gce4f928 (webtiles) character file.

56 FluffGlitter the Caller (level 3, -2/19 HPs)
             Began as a Tengu Summoner on June 24, 2018.
             Killed from afar by Sigmund (7 damage)
             ... with a magic dart
             ... on level 2 of the Dungeon on June 25, 2018.
             The game lasted 00:18:44 (2591 turns).

FluffGlitter the Caller (Tengu Summoner)            Turns: 2591, Time: 00:18:44

Health: -2/19      AC:  2    Str:  8    XL:     3   Next: 97%
Magic:  3/7        EV: 13    Int: 16    God:
Gold:   92         SH:  0    Dex: 14    Spells: 3/6 levels left

rFire    . . .     SeeInvis .   h - +0 short sword
rCold    . . .     Gourm    .   (no shield)
rNeg     . . .     Faith    .   a - +0 robe
rPois    .         Spirit   .   (helmet restricted)
rElec    .         Reflect  .   (no cloak)
rCorr    .         Harm     .   (no gloves)
MR       .....                  (boots unavailable)
Stlth    +.........             (no amulet)
HPRegen  0.06/turn              (no ring)
MPRegen  0.10/turn              (no ring)

@: confused
A: beak, talons 3
a: no special abilities


You were on level 2 of the Dungeon.
You were hungry.

You visited 1 branch of the dungeon, and saw 2 of its levels.

You collected 92 gold pieces.

Inventory:

Hand Weapons
 h - a +0 short sword (weapon)
 n - a +4 short sword of speed
Missiles
 i - 54 stones (quivered)
Armour
 a - a +0 robe (worn)
Scrolls
 b - a scroll of immolation {unknown}
 c - a scroll of amnesia {unknown}
 d - 2 scrolls of remove curse
 f - 4 scrolls of identify {unknown}
 g - 2 scrolls of teleportation {unknown}
 l - a scroll of noise {unknown}
 m - a scroll of random uselessness {unknown}
Potions
 k - a potion of cancellation {unknown}
Comestibles
 j - 3 rations


   Skills:
 * Level 0.5 Short Blades
 + Level 2.3 Dodging
 + Level 2.0 Stealth
 + Level 2.4 Spellcasting
 + Level 6.0 Summonings


You had 3 spell levels left.
You knew the following spells:

 Your Spells              Type           Power        Failure   Level  Hunger
a - Summon Small Mammal   Summ           ###.         1%          1    #......
b - Call Imp              Summ           ###.....     2%          2    ###....

Your spell library contained the following spells:

 Spells                   Type           Power        Failure   Level  Hunger
 Apportation              Tloc           #.....       21%         1    #......
 Animate Skeleton         Necr           N/A          21%         1    #......
 Summon Ice Beast         Ice/Summ       ##......     50%         4    #####..
 Confusing Touch          Hex            #.....       21%         1    #......
 Call Canine Familiar     Summ           ###.....     4%          3    ###....
 Summon Lightning Spire   Summ/Air       ##......     50%         4    #####..
 Summon Guardian Golem    Hex/Summ       ##......     17%         3    ###....


Dungeon Overview and Level Annotations

Branches:
Dungeon (2/15)

Altars:

Annotations:
D:2 Sigmund


Innate Abilities, Weirdness & Mutations

You have a beak for a mouth.
You have claws for feet.


Message History

Sigmund closely misses you.
Your crimson imp hits Sigmund.
Your crimson imp blinks!
Your crimson imp hits Sigmund but does no damage.
Sigmund barely misses you.
Your crimson imp blinks!
Sigmund gestures at you while chanting. The magic dart hits you!
* * * LOW HITPOINT WARNING * * *
You bump into the rock wall.
You feel less confused. Sigmund closely misses you.
Your crimson imp misses Sigmund.
Sigmund gestures at you while chanting.
You are confused.
Your crimson imp blinks!
You bump into the rock wall.
Sigmund casts a spell at you. The magic dart hits you!
You die...

......##.##.# #.#............#
.......#....## #.#.......@÷<..#
.......###...####.........5....#
..5..............##..........5.#
........###......#.....#..######
.......####..............##
.................###.#######
..)........5................
.......#.[.§##..@###.#######
.......####.####@###.##
.(.......5.5@.........#
........##>...........# .
......#....#####......#########..
.....#####.# ###..##...##.....#
###### #... #...............
###.. #.............%. #
#.....(...........


You could see Sigmund and a friendly crimson imp.

Vanquished Creatures
  A leopard gecko (D:2)
  3 bats (D:2)
  A goblin (D:2)
  A hobgoblin (D:2)
  A rat (D:2)
7 creatures vanquished.

Vanquished Creatures (collateral kills)
  Jessica (D:2)
  A worker ant (D:2)
  An adder (D:1)
  A dart slug (D:2)
  3 leopard geckos
  A giant cockroach (D:1)
  3 goblins
  3 hobgoblins (D:1)
  5 kobolds (D:1)
  2 bats (D:1)
  A frilled lizard (D:1)
  3 rats (D:1)
25 creatures vanquished.

Grand Total: 32 creatures vanquished

Notes
Turn   | Place    | Note
-------+----------+-------------------------------------------
     0 | D:1      | FluffGlitter the Tengu Summoner began the quest for the Orb.
     0 | D:1      | Reached XP level 1. HP: 10/10 MP: 4/4
   261 | D:1      | Reached skill level 5 in Summonings
   462 | D:1      | Reached XP level 2. HP: 7/15 MP: 3/6
   620 | D:1      | Learned a level 2 spell: Call Imp
  1854 | D:2      | Reached XP level 3. HP: 16/19 MP: 0/7
  1938 | D:2      | Noticed Jessica
  1953 | D:2      | Killed Jessica
  1953 | D:2      | Reached skill level 6 in Summonings
  2044 | D:2      | Noticed Sigmund
  2591 | D:2      | Killed from afar by Sigmund

Vault maps used:
D:1:      lightli_arrival_maybe_door_vault, minmay_pentomino_t2
D:2:      uniq_jessica, uniq_sigmund

Skill      XL: |  1  2  3 |
---------------+----------+-----
Summonings     | 5 6 |  6.0
Short Blades   | |  0.5
Dodging        | |  2.3
Stealth        | |  2.0
Spellcasting   | |  2.4

Action                   || total
-------------------------++-------
Melee: Short sword       ||    13
       Kick              ||     3
       Peck              ||     1
 Cast: Summon Small Mamm ||    22
       Call Imp          ||    34
  Use: Scroll            ||     1
       Potion            ||     2
 Stab: Sleeping          ||     1
  Eat: Ration            ||     2
Armor: Robe              ||    16
Dodge: Dodged            ||    51

Table legend:
 A = Spawn XP
 B = Non-spawn XP
 C = Spawn XP percentage of total XP
 D = Spawn monster count
 E = Non-spawn monster count
 F = Spawn count percentage of total count
 G = Total turns spent on level
                    A         B        C        D         E        F      G
               +---------+---------+-------+---------+---------+-------+---------
         Total |       0 |      81 |   0.0 |       0 |      32 |   0.0 |  2591
               +---------+---------+-------+---------+---------+-------+---------
           D:1 |       0 |      28 |   0.0 |       0 |      20 |   0.0 |  1930
           D:2 |       0 |      53 |   0.0 |       0 |      12 |   0.0 |   661
               +---------+---------+-------+---------+---------+-------+---------
